 Seeded DCSS version 0.27-a0-1006-g1fd4cec11e (webtiles) character file.

Game seed: 20210418 (custom seed)

16 Snicker the Sneak (level 2, -1/22 HPs)
             Began as a Demonspawn Brigand on Apr 18, 2021.
             Slain by a hobgoblin (3 damage)
             ... on level 1 of the Dungeon.
             The game lasted 00:01:29 (339 turns).

Snicker the Sneak (Demonspawn Brigand)               Turns: 339, Time: 00:01:30

Health: -1/22      AC:  3    Str: 11    XL:     2   Next: 41%
Magic:  2/2        EV: 11    Int: 12    God:
Gold:   40         SH:  0    Dex: 14    Spells: 1/1 levels left

rFire    . . .     SeeInvis .   a - +2 dagger
rCold    . . .     Faith    .   (no shield)
rNeg     . . .     Spirit   .   b - +0 robe
rPois    .         Reflect  .   (no helmet)
rElec    .         Harm     .   c - +0 cloak
rCorr    .         Rampage  .   (no gloves)
Will     .....                  (no boots)
Stlth    +++.......             (no amulet)
HPRegen  0.07/turn              (no ring)
MPRegen  0.08/turn              (no ring)

@: no status effects
A: powered by death 1
a: no special abilities


You were on level 1 of the Dungeon.
You visited 1 branch of the dungeon, and saw 1 of its levels.

You collected 40 gold pieces.

Inventory:

Hand Weapons
 a - a +2 dagger (weapon)
Missiles
 d - 30 poisoned darts (quivered)
 e - 2 curare-tipped darts
Armour
 b - a +0 robe (worn)
 c - a +0 cloak (worn)
Scrolls
 f - 3 scrolls of amnesia {unknown}
 g - a scroll of enchant armour {unknown}
 h - a scroll of teleportation {unknown}


   Skills:
 + Level 2.0 Fighting
 * Level 1.9 Short Blades
 + Level 1.7 Throwing
 + Level 0.8 Dodging
 * Level 4.2 Stealth


You had one spell level left.
You didn't know any spells.
Your spell library was empty.

Dungeon Overview and Level Annotations

Branches:
Dungeon (1/15)

Altars:


Innate Abilities, Weirdness & Mutations

You regenerate a little health from kills.


Message History

The endoplasm hits you.
A kobold comes into view. It is wielding a +0 short sword.
Found a bubbling amethyst potion.
The kobold shouts!
The hobgoblin shouts!
You hit the endoplasm.
The endoplasm is lightly wounded.
The endoplasm closely misses you.
A ball python comes into view.
You hit the endoplasm but do no damage. You hit the endoplasm.
The endoplasm is lightly wounded.
The endoplasm barely misses you.
You hit the endoplasm.
The endoplasm is heavily wounded.
The endoplasm closely misses you.
You hit the endoplasm.
You kill the endoplasm!
The hobgoblin closely misses you.
You open the large door. The hobgoblin barely misses you.
There is a large open door here.
You hit the hobgoblin.
The hobgoblin is severely wounded.
The hobgoblin hits you. x2; The kobold throws a stone.
The stone hits you but does no damage.
You hit the hobgoblin.
You kill the hobgoblin!
The hobgoblin closely misses you. The dart slug launches a dart at you.
The slug dart misses you.
You hit the kobold but do no damage. The hobgoblin misses you.
The kobold completely misses you.
You hit the kobold but do no damage. The dart slug launches a dart at you.
The slug dart hits you. The hobgoblin hits you.
The kobold hits you with a +0 short sword.
* * * LOW HITPOINT WARNING * * *
You closely miss the kobold. The hobgoblin barely misses you.
The kobold barely misses you.
You hit the kobold but do no damage. The hobgoblin hits you.
You die...

####... #......##......#
#...$...# #..)...........#
#.......# #..............#
#.......# #...........##..
......)#+#......#........
......................... .
##..................... ...
#...gw................
.....#...#@####............
.........#K# #............
..........K.# #............
............# #...........#
....#.....S.+.............+
... #.......###...........#
.. #........##...........#
# .......................
..!.............#.......


You could see a dart slug, a hobgoblin, a ball python and 2 kobolds.

Vanquished Creatures
  A ball python (D:1)
  3 endoplasms (D:1)
  2 giant cockroaches (D:1)
  A goblin (D:1)
  2 hobgoblins (D:1)
  A kobold (D:1)
  A quokka (D:1)
  A frilled lizard (D:1)
  A rat (D:1)
13 creatures vanquished.

Notes
Turn   | Place    | Note
-------+----------+-------------------------------------------
     0 | D:1      | Snicker the Demonspawn Brigand began the quest for the Orb.
     0 | D:1      | Reached XP level 1. HP: 16/16 MP: 1/1
   118 | D:1      | Reached skill level 4 in Stealth
   253 | D:1      | Gained mutation: You regenerate a little health from kills.
                  | [demonic ancestry]
   253 | D:1      | Reached XP level 2. HP: 22/22 MP: 2/2
   339 | D:1      | Slain by a hobgoblin

Illustrated notes

Levels and vault maps discovered:
D:1:      saegor_arrival_simple_d, layout_basic,
          hellmonk_ecumenical_altar_heavens_door

Skill      XL: |  1 |
---------------+----+-----
Stealth        | 4 |  4.2
Fighting       | |  2.0
Short Blades   | |  1.9
Throwing       | |  1.7
Dodging        | |  0.8

Action                   || total
-------------------------++-------
Melee: Dagger            ||    55
 Stab: Sleeping          ||     4
Armor: Robe              ||    11
Dodge: Dodged            ||    29

Table legend: (Time is in decaauts)
 A = Elapsed time spent in this place.
 B = Non-inter-level travel time spent in this place.
 C = Inter-level travel time spent in this place.
 D = Time resting spent in this place.
 E = Time spent auto-exploring this place.
 F = Levels seen in this place.
 G = Mean time per level.
                   A        B        C        D        E       F      G
               +--------+--------+--------+--------+--------+-----+--------+
         Total |    334 |    334 |      0 |      0 |    191 |   1 |  334.0 |
       Dungeon |    334 |    334 |      0 |      0 |    191 |   1 |  334.0 |
               +--------+--------+--------+--------+--------+-----+--------+

Top non-repeatable levels by time:
     D:1: 334 daAuts
